 Dungeon Crawl Stone Soup version 0.30-a0-125-g51eefa89be (webtiles) character file.

Game seed: 2047344443879742343

2929 juncz the Fighter (level 10, 0/76 HPs)
             Began as a Djinni Conjurer on Sept 18, 2022.
             Killed from afar by an electric eel (5 damage)
             ... with a bolt of electricity
             ... in a bailey.
             The game lasted 00:28:33 (12160 turns).

juncz the Fighter (Djinni Conjurer)                Turns: 12160, Time: 00:28:33

Health: 0/76       AC:  8    Str:  8    XL:     10   Next: 7%
Gold:   395        EV: 12    Int: 24    God:
                   SH:  8    Dex: 14

rFire   + + .      SeeInvis .    o - +3 spear "Xiludoc" {vorpal, Fly Str+2 Dex+2}
rCold   x . .      Faith    .    y - +3 buckler {reflect}
rNeg    . . .      Spirit   .    x - +1 steam dragon scales
rPois   ∞          Reflect  +    b - +0 helmet
rElec   .          Harm     .    (no cloak)
rCorr   +          Rampage  .    J - +0 pair of gloves
Will    ++...                    (boots unavailable)
Stlth   ++........               (no amulet)
HPRegen 0.22/turn                m - ring of resist corrosion
MPRegen 0.00/turn                p - ring of willpower

@: about to teleport, flying, very slightly contaminated
A: sickness immunity, fire resistance 2, cold vulnerability 1, float, innate
caster, HP casting, extra vitality 1
a: no special abilities


You were in a bailey.
You visited 1 branch of the dungeon, and saw 7 of its levels.
You also visited: Ossuary and Bailey.

You collected 720 gold pieces.
You spent 325 gold pieces at shops.

Inventory:

Hand Weapons
 e - a +0 spear
 i - a +2 falchion of holy wrath
 o - the +3 spear "Xiludoc" (weapon) {vorpal, Fly Str+2 Dex+2}
   (You found it on level 2 of the Dungeon)

   It inflicts extra damage upon your enemies.
   Str:       It affects your strength (+2).
   Dex:       It affects your dexterity (+2).
   Fly:       It grants you flight.
Missiles
 j - 65 stones
Armour
 a - a +0 robe
 b - a +0 helmet (worn)
 x - +1 steam dragon scales (worn)
 y - a +3 buckler of reflection (worn)
 J - a +0 pair of gloves (worn)
Jewellery
 m - a ring of resist corrosion (left hand)
 p - a ring of willpower (right hand)
 w - a ring of fire
Wands
 D - a wand of light (12)
 K - a wand of flame (25)
Scrolls
 c - 2 scrolls of poison
 g - 5 scrolls of fog
 l - a scroll of amnesia
 n - a scroll of brand weapon
 r - 2 scrolls of enchant weapon
 s - a scroll of noise
 B - 6 scrolls of teleportation
 E - a scroll of summoning {unknown}
 I - a scroll of immolation {unknown}
 L - a scroll of fear {unknown}
Potions
 d - 3 potions of lignification {unknown}
 f - a potion of cancellation {unknown}
 h - 5 potions of heal wounds
 k - 2 potions of mutation {unknown}
 q - a potion of attraction {unknown}
 t - 3 potions of brilliance {unknown}
 v - 4 potions of curing
 z - a potion of ambrosia {unknown}
 A - 5 potions of might {unknown}
 F - a potion of resistance {unknown}
 G - a potion of magic {unknown}
 H - a potion of berserk rage {unknown}
 M - 2 potions of flight {unknown}


   Skills:
 + Level 8.1 Fighting
 - Level 2.5 Dodging
 - Level 2.0 Stealth
 - Level 6.0 Shields
 + Level 7.1 Spellcasting


You couldn't memorise any spells.
You knew the following spells:

 Your Spells              Type           Power      Damage    Failure   Level
a - Magic Dart            Conj           100%       1d8       1%          1
b - Searing Ray           Conj           86%        2d7       1%          2
c - Dazzling Flash        Conj/Hex       86%        N/A       1%          3
d - Fulminant Prism       Conj/Hex       21%        3d13      4%          4
e - Iskenderun's Mystic   Conj/Tloc      43%        2d10      4%          4
f - Freeze                Ice            100%       1d11      1%          1
g - Passwall              Tmut/Erth      35%        N/A       1%          2
h - Blink                 Tloc           86%        N/A       1%          2
i - Sticky Flame          Conj/Fire      43%        2d6       4%          4
Your spell library was empty.

Dungeon Overview and Level Annotations

Branches:
Dungeon (7/15)             Temple (0/1) D:7         Ossuary (visited)
 Bailey (1/1)

Altars:
Ashenzari
Dithmenos
Elyvilon
Gozag
Qazlal
Trog

Shops:
D:1 !   D:2 :   D:4 (![   D:5 :   D:6 =[


Innate Abilities, Weirdness & Mutations

You are immune to sickness and miasma.
You are immune to poison.
Your flesh is very heat resistant. (rF++)
You are vulnerable to cold. (rC-)
You float through the air rather than walking.
You learn spells naturally, not from books.
Your magical power is your life essence.
You have superior vitality. (+4 MHP)


Message History

Press: ? - help, Shift-Dir - straight line, f/p - orc knight
Aim: an orc knight, wielding a +0 war axe and wearing a +0 plate armour (moderately wounded, covered in liquid flames, 100% to hit)
The sticky flame hits the orc knight.
The orc knight is moderately wounded.
The orc knight is covered in liquid flames!
The orc knight burns!
The orc knight hits you with a +0 war axe.
Casting: Sticky Flame (dangerous; 4% risk of failure)
Confirm with . or Enter, or press ? or * to list all spells.
Aiming: Sticky Flame (dangerous; 4% risk of failure)
Press: ? - help, Shift-Dir - straight line, f/p - orc knight
Aim: an orc knight, wielding a +0 war axe and wearing a +0 plate armour (moderately wounded, covered in liquid flames, 100% to hit)
You miscast Sticky Flame.
You are very lightly contaminated with residual magic.
Nothing appears to happen.
The orc knight burns!
You block the hobgoblin's attack.
The orc knight hits you with a +0 war axe!
Casting: Sticky Flame (dangerous; 4% risk of failure)
Confirm with . or Enter, or press ? or * to list all spells.
Okay, then.
Press: ? - help, v - describe, . - travel
Here: an orc knight, wielding a +0 war axe and wearing a +0 plate armour (moderately wounded, covered in liquid flames)
The floor.
The orc knight burns!
As you read the scroll of teleportation, it crumbles to dust.
You feel strangely unstable.
The flames covering the orc knight go out.
The orc knight stops burning.
You block the hobgoblin's attack.
An electric eel comes into view.
The orc knight attacks as you move away!
The orc knight hits you with a +0 war axe!
* * * LOW HITPOINT WARNING * * *
The orc knight attacks as you move away!
The orc knight hits you with a +0 war axe.
* * * LOW HITPOINT WARNING * * *
The electric eel shoots out a bolt of lightning at you!
The bolt of electricity hits you!
* * * LOW HITPOINT WARNING * * *
The bolt of electricity hits you.
You die...

≈≈≈≈≈≈≈≈≈≈≈≈≈≈≈≈≈≈≈≈
≈≈≈≈≈≈≈≈≈≈≈≈≈≈≈≈≈≈≈≈≈≈≈≈
≈≈≈≈≈≈≈≈≈≈≈≈≈≈≈≈≈≈≈≈≈≈≈≈
≈≈≈S≈≈≈≈≈≈≈≈≈≈≈≈≈≈≈≈≈≈≈≈
≈≈≈≈≈≈≈≈≈≈≈≈≈≈≈≈≈≈≈≈≈≈≈≈
≈≈≈≈≈≈≈≈≈≈≈≈≈≈≈≈≈≈≈≈≈≈≈≈
≈≈≈≈≈≈≈≈≈≈≈≈≈≈≈≈≈≈≈≈≈≈≈≈
~~~~~~~~~g~~~######≈≈≈≈≈
.......@o....'..# #≈≈≈≈≈
##############..# #≈≈≈≈≈
....#≈≈≈≈≈ ...#≈≈≈≈≈
####≈≈≈≈≈ #.~≈≈≈≈≈
#.~≈≈≈≈. #.~≈≈≈≈.
#.~≈≈≈≈.


You could see an orc knight, an electric eel and a hobgoblin.

Vanquished Creatures
  Pikel (D:5)
  The ghost of greasedhog the Ruffian, a novice GrTm (D:5)
  Menkaure (D:5)
  A steam dragon (D:3)
  Edmund (D:5)
  An orc warrior (D:7)
  A black bear (D:5)
  2 ice beasts
  2 ogres
  A sky beast (D:7)
  A centaur (D:6)
  4 phantoms
  2 necrophages (D:6)
  3 scorpions
  A jelly (D:6)
  5 hounds
  2 orc priests (D:6)
  An orc wizard (D:6)
  An iguana (D:6)
  9 mummies
  6 adders
  A white imp (D:7)
  An ufetubus (D:5)
  4 worms
  20 orcs
  4 ball pythons
  5 endoplasms
  6 giant cockroaches
  11 goblins
  8 hobgoblins
  7 kobolds
  3 quokkas
  4 bats
  4 frilled lizards
  4 hobgoblin zombies (Ossuary)
  A kobold zombie (Ossuary)
  3 orc zombies (Ossuary)
  7 rats
140 creatures vanquished.

Vanquished Creatures (others)
  A kobold brigand (D:7)
  A fulminant prism (D:4)
  4 toadstools (D:1)
6 creatures vanquished.

Grand Total: 146 creatures vanquished

Notes
Turn   | Place    | Note
-------+----------+-------------------------------------------
     0 | D:1      | juncz the Djinni Conjurer began the quest for the Orb.
     0 | D:1      | juncz set off with the following spells memorised: Magic
                  | Dart, Searing Ray, Dazzling Flash, Fulminant Prism,
                  | Iskenderun's Mystic Blast.
     0 | D:1      | Reached XP level 1. HP: 15/15 MP: 0/0
   176 | D:1      | Reached XP level 2. HP: 12/21 MP: 0/0
   807 | D:1      | Found Iwaymi's Distillery.
   815 | D:1      | Bought a potion of heal wounds for 55 gold pieces
   815 | D:1      | Bought a potion of degeneration for 11 gold pieces
   964 | D:1      | Reached XP level 3. HP: 25/26 MP: 0/0
   964 | D:1      | Learned a level 1 spell: Freeze
  1492 | D:1      | Reached skill level 1 in Fighting
  1533 | D:1      | Found a faded altar of an unknown god.
  2044 | D:2      | Identified the +3 spear "Xiludoc" {vorpal, Fly Str+2 Dex+2}
  2206 | D:2      | Reached XP level 4. HP: 31/32 MP: 0/0
  2313 | D:2      | Found Yrcholist's Book Boutique.
  2662 | D:3      | Reached skill level 2 in Fighting
  3099 | D:3      | Found an opulent altar of Gozag.
  3468 | D:3      | Reached XP level 5. HP: 37/39 MP: 0/0
  3468 | D:3      | Learned a level 2 spell: Passwall
  3639 | D:3      | Noticed a steam dragon
  3648 | D:3      | Killed a steam dragon
  3649 | D:3      | Reached skill level 3 in Fighting
  3649 | D:3      | Reached XP level 6. HP: 30/46 MP: 0/0
  4430 | D:3      | Reached skill level 4 in Fighting
  4723 | D:4      | Identified the +9 morningstar of Cabbu {drain, *Rage Int-4
                  | Dex+8 SInv}
  4808 | D:4      | Found Xug Muck's Armour Shoppe.
  4816 | D:4      | Bought a +2 buckler of reflection for 259 gold pieces
  4865 | D:4      | Found Qiaxunwi's Distillery.
  4886 | D:4      | Noticed an ogre
  4895 | D:4      | Killed an ogre
  4896 | D:4      | Reached skill level 1 in Shields
  4896 | D:4      | Reached XP level 7. HP: 31/52 MP: 0/0
  4896 | D:4      | Learned a level 2 spell: Blink
  5273 | D:4      | Found Eplie's Weapon Boutique.
  5571 | D:4      | Found a bloodstained altar of Trog.
  5625 | D:5      | Entered Level 5 of the Dungeon
  5652 | D:5      | Reached skill level 5 in Spellcasting
  5691 | D:5      | Found a sand-covered staircase.
  5704 | Ossuary  | Entered an ossuary
  7120 | D:5      | Reached skill level 5 in Fighting
  7120 | D:5      | Reached XP level 8. HP: 54/59 MP: 0/0
  7158 | D:5      | Noticed Pikel
  7168 | D:5      | Killed Pikel
  7502 | D:5      | Found a white marble altar of Elyvilon.
  7506 | D:5      | Found a broken altar of Ashenzari.
  7511 | D:5      | Found a stormy altar of Qazlal.
  7540 | D:5      | Noticed greasedhog's ghost (novice GrTm)
  7544 | D:5      | Found a runed translucent door.
  7725 | D:5      | Reached skill level 6 in Fighting
  8203 | D:5      | Noticed Edmund
  8219 | D:5      | Killed Edmund
  8220 | D:5      | Reached XP level 9. HP: 23/66 MP: 0/0
  8220 | D:5      | Learned a level 4 spell: Sticky Flame
  8538 | D:5      | Noticed Menkaure
  8543 | D:5      | Killed Menkaure
  8950 | D:5      | Found Fykiwiel's Book Shop.
  9114 | D:5      | Killed greasedhog's ghost
  9115 | D:5      | Reached skill level 5 in Shields
  9924 | D:6      | Reached skill level 7 in Fighting
 10765 | D:6      | Found Simuin's Jewellery Emporium.
 11058 | D:6      | Found a shadowy altar of Dithmenos.
 11239 | D:6      | Found Lancelot's Dragon-Slaying Spoils.
 11595 | D:7      | Found a staircase to the Ecumenical Temple.
 11628 | D:7      | Reached XP level 10. HP: 56/76 MP: 0/0
 11688 | D:7      | Reached skill level 8 in Fighting
 11789 | D:7      | Found a flagged portal.
 11811 | Bailey   | Entered a bailey
 12147 | Bailey   | Noticed an orc knight
 12160 | Bailey   | Killed from afar by an electric eel

Illustrated notes

Levels and vault maps discovered:
D:1:      dpeg_arrival_round_b, layout_rooms, hellmonk_ecumenical_altar_zigzags,
          serial_shops, nicolae_square_shop, dk_noncrumbling_3,
          minmay_gold_behind_fungi, minmay_octomino_c4
D:2:      layout_basic, serial_shops, nicolae_shop_trees,
          minmay_misc_feat_four_crosses
D:3:      layout_loops_ring, amcnicky_altar_gilded, minmay_fountain_box,
          minmay_increasing_density
D:4:      layout_cave_pools, mainiacjoe_overflow_24_doors,
          lightli_temple_of_fire, serial_shops, shop,
          nicolae_shop_bloodbath_and_beyond, shop, kennysheep_generic_room_6
D:5:      layout_gridville, grunt_temple_overflow_diamond, serial_shops,
          nicolae_lakefront_shop, hellmonk_ghost_happy_afterlife,
          gup_ossuary_entry_pyramid, hex_large, uniq_pikel, uniq_menkaure,
          uniq_edmund
D:6:      layout_cave_pods, nicolae_overflow_crystal_walls, serial_shops, shop,
          hangedman_decor_lopped, nicolae_shop_dragon_depot
D:7:      layout_basic, minmay_temple_entry_stoned_glass, enter_bailey_4,
          st_stairs_3
Bailey:   bailey_axe_of_yendor_kennysheep, bailey

Skill      XL: |  1  2  3  4  5  6  7  8  9 10 |
---------------+-------------------------------+-----
Stealth        | 2 |  2.0
Fighting       | 1 2 3 4 5 6 7 8 |  8.1
Spellcasting   | 4 5 6 7 |  7.1
Shields        | 1 2 4 6 |  6.0
Dodging        | |  2.5

Action                   |  1- 3 |  4- 6 |  7- 9 | 10-12 || total
-------------------------+-------+-------+-------+-------++-------
Melee: Falchion          |       |       |     3 |       ||     3
 Cast: Magic Dart        |    68 |    82 |   203 |    16 ||   369
       Freeze            |     3 |    15 |    27 |       ||    45
       Iskenderun's Myst |       |     5 |     6 |       ||    11
       Fulminant Prism   |       |     1 |       |       ||     1
       Searing Ray       |       |     1 |       |       ||     1
       Sticky Flame      |       |       |    35 |     8 ||    43
  Use: Scroll            |       |     5 |     7 |     3 ||    15
       Potion            |       |       |     1 |       ||     1
Armor: Robe              |     1 |       |       |       ||     1
       Steam dragon scal |       |     2 |     9 |       ||    11
Dodge: Dodged            |       |     7 |    50 |     3 ||    60
Block: Buckler           |       |       |    31 |     6 ||    37
       Reflection        |       |       |     5 |     2 ||     7

Table legend: (Time is in decaauts)
 A = Elapsed time spent in this place.
 B = Non-inter-level travel time spent in this place.
 C = Inter-level travel time spent in this place.
 D = Time resting spent in this place.
 E = Time spent auto-exploring this place.
 F = Levels seen in this place.
 G = Mean time per level.
                   A        B        C        D        E       F      G
               +--------+--------+--------+--------+--------+-----+--------+
         Total |  12155 |  11983 |    172 |   5770 |   5109 |   9 | 1350.6 |
       Dungeon |  10452 |  10280 |    172 |   4338 |   4990 |   7 | 1493.1 |
       Ossuary |   1354 |   1354 |      0 |   1129 |     91 |   1 | 1354.0 |
        Bailey |    348 |    348 |      0 |    303 |     28 |   1 |  348.0 |
               +--------+--------+--------+--------+--------+-----+--------+

Top non-repeatable levels by time:
     D:5: 2696 daAuts
     D:3: 2143 daAuts
     D:6: 1799 daAuts
     D:1: 1744 daAuts
 Ossuary: 1354 daAuts
     D:4: 905 daAuts
     D:2: 828 daAuts
  Bailey: 348 daAuts
     D:7: 334 daAuts
